AoeStats
← VakorTV

Black Forest

505453836Analyzed
4v4 RM · 22d ago on Sep 9, 2026· 50m 6s· 8 players
Game mode
Random Map
Map size
Large (8 player)
Population
200
Speed
Normal
Resources
Standard
Victory
Conquest
Starting age
Dark Age
Ending age
Imperial Age
RankedLock teamsTeams togetherTeam positionsShared explorationLock speedFull tech treeHidden civsTurbo modeCheats
Victory
Defeat
🇹🇼 Mongols · Taiwan
1356
+11
🇹🇼 Japanese · Taiwan
1259
+15
🇦🇷 Goths · Argentina
1217
+16
🇹🇼 Persians · Taiwan
1140
+19
🇩🇪 Britons · Germany
1252
-16
🇦🇺 Hindustanis · Australia
1250
-16
🇫🇷 Poles · France
1209
-15
🇮🇳 Huns · India
1205
-14
VakorTV
0:26 Loom
11:50 Feudal Age
16:35 Castle Age
14:27 Double-Bit Axe
14:49 Horse Collar
17:09 Wheelbarrow
18:11 Bow Saw
18:19 Heavy Plow
22:51 Gold Mining
23:14 Stone Mining
23:53 Hand Cart
23:26 Town Watch
28:01 Imperial Age
27:07 Scale Mail Armor
27:17 Forging
27:17 Szlachta Privileges
28:10 Chain Mail Armor
28:55 Squires
28:41 Arson
28:21 Elite Obuch
29:22 Conscription
30:46 Plate Mail Armor
30:52 Iron Casting
30:54 Caravan
31:19 Pikeman
33:25 Husbandry
33:36 Bloodlines
32:46 Cavalier
32:49 Light Cavalry
35:21 Blast Furnace
34:27 Scale Barding Armor
35:34 Chemistry
34:55 Ballistics
34:51 Siege Engineers
34:57 Masonry
34:28 Treadmill Crane
36:38 Winged Hussar
39:19 Chain Barding Armor
40:13 Fletching
44:30 Bodkin Arrow
49:29 Bracer
ToTheAnd
0:55 Loom
13:43 Feudal Age
17:29 Castle Age
15:42 Double-Bit Axe
16:07 Horse Collar
19:00 Bow Saw
22:01 Town Watch
24:37 Wheelbarrow
24:10 Stone Mining
25:36 Heavy Plow
25:31 Gold Mining
26:50 Gold Shaft Mining
27:51 Hand Cart
32:06 Imperial Age
30:26 Fortified Wall
30:19 Fletching
30:31 Scale Mail Armor
30:00 Man-at-Arms
31:00 Squires
30:50 Gambesons
30:59 Long Swordsman
31:56 Bodkin Arrow
32:18 Forging
32:15 Two-Handed Swordsman
33:37 Conscription
33:28 Bracer
34:37 Ballistics
34:20 Padded Archer Armor
34:38 Elite Longbowman
36:17 Leather Archer Armor
37:06 Chemistry
36:35 Chain Mail Armor
37:16 Yeomen
38:24 Siege Engineers
39:56 Ring Archer Armor
40:07 Hoardings
42:01 Plate Mail Armor
41:24 Champion
41:57 Arson
42:49 Iron Casting
45:25 Blast Furnace
44:32 Caravan
A Bá
3:47 Loom
10:46 Feudal Age
15:23 Castle Age
13:41 Double-Bit Axe
16:33 Horse Collar
17:09 Gold Mining
18:56 Fervor
20:48 Wheelbarrow
21:16 Heavy Plow
22:56 Stone Mining
25:36 Hand Cart
29:40 Imperial Age
27:49 Gold Shaft Mining
27:37 Masonry
28:39 Forging
28:34 Scale Barding Armor
28:42 Bloodlines
28:33 Husbandry
30:04 Iron Casting
30:35 Stone Shaft Mining
29:42 Heavy Camel Rider
30:45 Bow Saw
31:22 Conscription
31:27 Grand Trunk Road
32:31 Light Cavalry
34:16 Chain Barding Armor
34:57 Blast Furnace
34:49 Squires
34:09 Pikeman
36:31 Plate Barding Armor
36:16 Imperial Camel Rider
37:13 Fletching
38:47 Bodkin Arrow
42:40 Chemistry
41:30 Hussar
VNS_FFV
1:55 Loom
12:40 Feudal Age
17:31 Castle Age
15:30 Double-Bit Axe
15:27 Horse Collar
16:48 Gold Mining
17:35 Wheelbarrow
17:45 Stone Mining
18:24 Bow Saw
18:20 Heavy Plow
21:58 Scale Barding Armor
27:02 Elite Skirmisher
34:46 Imperial Age
32:14 Fletching
32:25 Padded Archer Armor
32:58 Bodkin Arrow
33:56 Leather Archer Armor
34:39 Leather Archer Armor
34:47 Ballistics
34:33 Pikeman
35:14 Squires
35:46 Bracer
36:48 Chemistry
35:11 Halberdier
38:33 Scale Mail Armor
38:45 Forging
11HQQQQ
1:37 Loom
15:16 Feudal Age
19:36 Wheelbarrow
21:08 Castle Age
19:34 Horse Collar
19:58 Double-Bit Axe
23:18 Bow Saw
25:18 Scale Mail Armor
28:57 Chain Mail Armor
30:00 Squires
30:41 Forging
31:02 Heavy Plow
34:16 Wheelbarrow
35:38 Iron Casting
38:28 Imperial Age
41:24 Blast Furnace
40:52 Anarchy
41:52 Perfusion
41:15 Elite Huskarl
43:49 Pikeman
47:10 Perfusion
Sein
11:55 Feudal Age
15:58 Castle Age
13:47 Double-Bit Axe
13:46 Horse Collar
17:27 Bow Saw
17:22 Heavy Plow
22:17 Wheelbarrow
23:58 Hand Cart
24:56 Town Watch
25:42 Fervor
25:44 Loom
26:21 Gold Mining
26:23 Stone Mining
29:26 Gold Shaft Mining
29:26 Stone Shaft Mining
28:57 Town Patrol
29:13 Thumb Ring
29:13 Fletching
32:01 Imperial Age
30:01 Bloodlines
29:51 Husbandry
31:07 Bodkin Arrow
31:34 Ballistics
31:41 Padded Archer Armor
32:46 Leather Archer Armor
32:44 Bracer
33:47 Chemistry
32:40 Elite Mangudai
33:55 Conscription
33:43 Scale Barding Armor
34:05 Parthian Tactics
34:37 Caravan
35:06 Forging
35:17 Chain Barding Armor
36:46 Drill
36:55 Masonry
38:29 Siege Engineers
40:03 Iron Casting
39:53 Masonry
39:16 Onager
39:39 Light Cavalry
40:58 Heavy Camel Rider
46:12 Heavy Camel Rider
Sally_Tsai
11:19 Feudal Age
15:31 Castle Age
13:56 Double-Bit Axe
14:22 Horse Collar
17:52 Heavy Plow
18:15 Bow Saw
22:33 Wheelbarrow
22:48 Heavy Plow
23:18 Gold Mining
26:38 Gold Shaft Mining
29:32 Imperial Age
26:49 Loom
27:28 Scale Barding Armor
27:34 Forging
28:22 Hand Cart
27:53 Town Watch
28:30 Stone Mining
29:02 Chain Barding Armor
29:47 Iron Casting
30:29 Bloodlines
30:19 Husbandry
29:40 Cavalier
32:05 Plate Barding Armor
32:30 Blast Furnace
33:35 Blast Furnace
32:53 Savar
35:12 Town Patrol
37:41 Caravan
38:12 Coinage
39:14 Chemistry
38:46 Conscription
43:00 Banking
42:43 Guilds
SKYRIM
0:41 Loom
12:08 Feudal Age
16:02 Castle Age
13:53 Double-Bit Axe
14:12 Horse Collar
17:09 Bow Saw
24:34 Wheelbarrow
24:29 Heavy Plow
24:28 Town Watch
31:06 Imperial Age
28:59 Hand Cart
29:18 Stone Mining
29:23 Gold Mining
29:58 Ballistics
32:17 Fletching
32:55 Parthian Tactics
32:59 Bodkin Arrow
33:21 Heavy Cavalry Archer
34:59 Thumb Ring
36:22 Chemistry
37:01 Gold Shaft Mining
36:17 Guard Tower
36:33 Siege Engineers
37:40 Kataparuto
37:22 Yasama
38:34 Hoardings
38:29 Conscription
38:49 Bracer
38:49 Padded Archer Armor
40:32 Caravan
41:52 Keep
41:03 Arrowslits
41:29 Town Patrol
43:16 Leather Archer Armor
43:11 Forging
43:02 Scale Mail Armor
43:01 Murder Holes
42:47 Treadmill Crane
44:47 Coinage
45:04 Ring Archer Armor
45:44 Iron Casting
45:51 Elite Samurai
45:53 Pikeman
46:33 Squires
46:23 Arson
47:15 Devotion
48:26 Banking
49:11 Fervor
49:21 Sanctity
Connection lost

Rejoining the realm…

Still unreachable

The connection could not be restored.

Session expired

The server has moved on; the page needs a fresh start.